 Dungeon Crawl Stone Soup version 0.23-a0-175-g97aacdb (webtiles) character file.

434 Amnesiac the Magician (level 6, -2/41 HPs)
             Began as a Mummy Ice Elementalist on Sept 16, 2018.
             Slain by a worker ant (6 damage)
             ... on level 6 of the Dungeon.
             The game lasted 00:04:33 (1597 turns).

Amnesiac the Magician (Mummy Ice Elementalist)      Turns: 1597, Time: 00:04:35

Health: -2/41      AC:  2    Str: 11    XL:     6   Next: 67%
Magic:  11/14      EV: 12    Int: 16    God:
Gold:   55         SH:  0    Dex: 13    Spells: 5/15 levels left

rFire    x . .     SeeInvis .   b - +0 hunting sling
rCold    + . .     Gourm    .   (no shield)
rNeg     + + +     Faith    .   a - +0 robe
rPois    ∞         Spirit   .   (no helmet)
rElec    .         Reflect  .   (no cloak)
rCorr    .         Harm     .   (no gloves)
MR       .....                  (no boots)
Stlth    ++........             (no amulet)
HPRegen  0.13/turn              (no ring)
MPRegen  0.14/turn              (no ring)

@: no status effects
A: no food or potions, fire vulnerability, cold resistance 1, negative energy
resistance 3, torment resistance, unbreathing
a: no special abilities


You were on level 6 of the Dungeon.
You were not hungry.

You visited 1 branch of the dungeon, and saw 6 of its levels.

You collected 55 gold pieces.

Inventory:

Hand Weapons
 b - a +0 hunting sling (weapon)
Missiles
 c - 38 stones
 d - 5 sling bullets (quivered)
Armour
 a - a +0 robe (worn)
Wands
 f - a wand of polymorph (5)
 h - a wand of random effects (13)
Scrolls
 e - 3 scrolls of identify {!r, unknown}
 g - a scroll of random uselessness {!r, unknown}


   Skills:
 - Level 1.5 Dodging
 - Level 1.5 Stealth
 + Level 5.4 Spellcasting
 - Level 0.7 Conjurations
 * Level 5.4 Ice Magic


You had 5 spell levels left.
You knew the following spells:

 Your Spells              Type           Power        Failure   Level  Hunger
a - Freeze                Ice            ###.         1%          1    N/A
d - Throw Icicle          Conj/Ice       ##......     38%         4    N/A
e - Throw Frost           Conj/Ice       ##....       6%          2    N/A
z - Ozocubu's Armour      Chrm/Ice       ##......     14%         3    N/A

Your spell library contained the following spells:

 Spells                   Type           Power        Failure   Level  Hunger
 Summon Ice Beast         Ice/Summ       ##......     43%         4    N/A

Dungeon Overview and Level Annotations

Branches:
Dungeon (6/15)
 Temple: D:4-7

Altars:
Gozag
Makhleb
Wu Jian

Annotations:
D:4 Pikel


Innate Abilities, Weirdness & Mutations

You do not eat or drink.
Your flesh is vulnerable to fire.
You are immune to poison.
Your flesh is cold resistant. (rC+)
You are immune to negative energy. (rN+++)
You are immune to unholy pain and torment.
You can survive without breathing.


Message History

You are too injured to fight recklessly!
Firing (i - inventory)
c - 28 stones (quivered)
Press: ? - help, Shift-Dir - straight line, f/p - worker ant zombie
Aim: a worker ant zombie (almost destroyed)
You shoot a stone. The stone hits the worker ant zombie.
You destroy the worker ant zombie!
c - 35 stones (gained 8)
You see here 2 metallic golden potions {!q}.
You hear the quick rusting of a very distant drain.
c - 36 stones (gained 1);
d - a sling bullet
c - 37 stones (gained 1);
d - 2 sling bullets (gained 1)
c - 38 stones (gained 1)
d - 5 sling bullets (gained 3)
d - 6 sling bullets (gained 1)
You see here 2 metallic golden potions {!q}.
d - 7 sling bullets (gained 1)
d - 8 sling bullets (gained 1) Magic restored.
Found a dagger.
A worker ant comes into view.
Firing (i - inventory. (/) - cycle)
d - 8 sling bullets (quivered)
Press: ? - help, Shift-Dir - straight line, f - worker ant
Aim: a worker ant (resting)
You shoot a sling bullet.
The sling bullet hits the worker ant but does no damage.
A jelly comes into view.
Firing (i - inventory. (/) - cycle)
d - 7 sling bullets (quivered)
Press: ? - help, Shift-Dir - straight line, f/p - worker ant
Aim: a worker ant You shoot a sling bullet.
The sling bullet hits the worker ant but does no damage.
Firing (i - inventory. (/) - cycle)
d - 6 sling bullets (quivered)
Press: ? - help, Shift-Dir - straight line, f/p - worker ant
Aim: a worker ant You shoot a sling bullet.
The sling bullet barely misses the worker ant.
Casting: Freeze (safe; 1% risk of failure)
Confirm with . or Enter, or press ? or * to list all spells.
Aiming: Freeze (safe; 1% risk of failure)
Press: ? - help, Shift-Dir - straight line, f/p - worker ant
Aim: a worker ant You freeze the worker ant.
The worker ant is lightly wounded.
The worker ant bites you.
* * * LOW HITPOINT WARNING * * *
Casting: Freeze (safe; 1% risk of failure)
Confirm with . or Enter, or press ? or * to list all spells.
Aiming: Freeze (safe; 1% risk of failure)
Press: ? - help, Shift-Dir - straight line, f/p - worker ant
Aim: a worker ant (lightly wounded)
You freeze the worker ant.
The worker ant is heavily wounded.
The worker ant waves its antennae.
The worker ant bites you!
* * * LOW HITPOINT WARNING * * *
Casting: Freeze (safe; 1% risk of failure)
Confirm with . or Enter, or press ? or * to list all spells.
Aiming: Freeze (safe; 1% risk of failure)
Press: ? - help, Shift-Dir - straight line, f/p - worker ant
Aim: a worker ant (heavily wounded)
You freeze the worker ant.
The worker ant is almost dead.
The worker ant bites you.
You die...

#.##.##.#####.# #<##.##.#
#)##.##.#
#†##.##)######### ###
#)##.#........... ..#
#.[....###.###### #.#
####.#[# #... #.#
#.#.###.##########.######
#.#..........@aJ....)..(..
#.#.!.........#######.#..(
#.#.#.#######.# # #.#.#.#
#.# #.#.#.# #.# #.#.#.#
#.# #.#.. #.# #.### ...
#.# #.#


You could see a jelly and a worker ant.

Vanquished Creatures
  A slave (D:5)
  A centaur (D:5)
  A big kobold (D:6)
  2 bullfrogs (D:6)
  2 howler monkeys
  A crimson imp (D:6)
  A worker ant zombie (D:6)
  2 shadow imps (D:5)
  A dart slug (D:3)
  3 orcs
  2 giant cockroaches
  4 goblins
  A hobgoblin (D:3)
  4 jackals (D:3)
  2 kobolds (D:3)
  A frilled lizard (D:3)
  2 rats (D:3)
31 creatures vanquished.

Notes
Turn   | Place    | Note
-------+----------+-------------------------------------------
     0 | D:1      | Amnesiac the Mummy Ice Elementalist began the quest for the
                  | Orb.
     0 | D:1      | Reached XP level 1. HP: 13/13 MP: 4/4
   120 | D:3      | Found a faded altar of an unknown god.
   194 | D:3      | Reached XP level 2. HP: 19/19 MP: 5/5
   210 | D:3      | Learned a level 2 spell: Throw Frost
   388 | D:4      | Noticed an ogre
   394 | D:4      | Found a burning altar of Makhleb.
   401 | D:5      | Entered Level 5 of the Dungeon
   465 | D:5      | Reached XP level 3. HP: 24/24 MP: 7/7
   470 | D:5      | Learned a level 3 spell: Ozocubu's Armour
   494 | D:5      | Found an ornate altar of the Wu Jian Council.
   525 | D:4      | Noticed Pikel
   525 | D:4      | Noticed a slave
   525 | D:4      | Noticed a slave
   525 | D:4      | Noticed a slave
   525 | D:4      | Noticed a slave
   608 | D:5      | Killed a slave
   772 | D:5      | Noticed a centaur
   840 | D:5      | Found an opulent altar of Gozag.
   896 | D:5      | Reached XP level 4. HP: 17/30 MP: 0/9
   903 | D:5      | Learned a level 4 spell: Throw Icicle
  1085 | D:5      | Noticed a centaur
  1093 | D:5      | Killed a centaur
  1093 | D:5      | Reached XP level 5. HP: 26/35 MP: 5/11
  1152 | D:6      | Reached XP level 6. HP: 15/41 MP: 3/13
  1424 | D:6      | Reached skill level 5 in Spellcasting
  1424 | D:6      | Reached skill level 5 in Ice Magic
  1449 | D:6      | Noticed an orc warrior
  1492 | D:6      | an orc warrior changed into a big kobold
  1597 | D:6      | Slain by a worker ant

Vault maps used:
D:1:      dpeg_arrival_tiny_h, serial_curves, eino_curves_02, eino_curves_01,
          minmay_lizard_king
D:2:      minmay_roachtagon, uniq_terence
D:3:      nicolae_dithmenos_through_a_glass_darkly,
          chequers_ecumenical_altar_simple, minmay_door_square
D:4:      elyvilon_altar_1, lemuel_crystal_altar, minmay_goblin_outpost,
          uniq_pikel
D:5:      kennysheep_little_box, nicolae_gozag_cash_rules_everything_around_me,
          first_ration, kennysheep_generic_room_14, uniq_prince_ribbit1
D:6:      portal_sewer_entry_d, corexii_leaking_fountain,
          uniq_crazy_yiuf_cottage, uniq_duvessa, uniq_sigmund

Skill      XL: |  1  2  3  4  5  6 |
---------------+-------------------+-----
Spellcasting   | 3 4 5 |  5.4
Ice Magic      | 3 4 5 |  5.4
Dodging        | |  1.5
Stealth        | |  1.5
Conjurations   | |  0.7

Action                   |  1- 3 |  4- 6 || total
-------------------------+-------+-------++-------
 Fire: Hunting sling     |    42 |    47 ||    89
 Cast: Freeze            |    20 |    31 ||    51
       Throw Frost       |     1 |       ||     1
       Ozocubu's Armour  |     1 |     2 ||     3
Evoke: Wand              |       |     2 ||     2
Armor: Robe              |     5 |     5 ||    10
Dodge: Dodged            |    19 |    25 ||    44

Table legend:
 A = Non-vault XP
 B = Vault XP
 C = Vault XP percentage of total XP
 D = Non-vault monster count
 E = Vault monster count
 F = Vault count percentage of total count
                 A         B        C        D         E       F
            +---------+---------+-------+---------+---------+-------
      Total |     620 |       0 |   0.0 |      30 |       0 |   0.0
            +---------+---------+-------+---------+---------+-------
        D:1 |       2 |       0 |   0.0 |       1 |       0 |   0.0
        D:2 |       4 |       0 |   0.0 |       2 |       0 |   0.0
        D:3 |      25 |       0 |   0.0 |      13 |       0 |   0.0
        D:5 |     190 |       0 |   0.0 |       6 |       0 |   0.0
        D:6 |     399 |       0 |   0.0 |       8 |       0 |   0.0
            +---------+---------+-------+---------+---------+-------
